 Dungeon Crawl Stone Soup version 0.28.0-53-g5a82cb258f (webtiles) character file.

Game seed: 2638457792119776984

872 mortz the Conjurer (level 7, -3/52 HPs)
             Began as a Demigod Conjurer on June 4, 2022.
             Slain by a gnoll
             ... wielding a +0 halberd
             ... summoned by a kobold brigand
              (6 damage)
             ... on level 4 of the Dungeon.
             The game lasted 00:23:34 (5234 turns).

mortz the Conjurer (Demigod Conjurer)               Turns: 5234, Time: 00:23:35

Health: -3/52      AC:  5    Str:  8    XL:     7   Next: 45%
Magic:  13/15      EV: 11    Int: 28    God:
Gold:   156        SH:  0    Dex: 12    Spells: 7/13 levels left

rFire   . . .      SeeInvis .   q - +2 rapier (venom) {short}
rCold   . . .      Faith    .   (no shield)
rNeg    . . .      Spirit   .   x - +0 leather armour
rPois   .          Reflect  .   (no helmet)
rElec   .          Harm     .   h - +0 cloak
rCorr   .          Rampage  .   l - +0 pair of gloves
Will    .....                   (no boots)
Stlth   ++........              (no amulet)
HPRegen 0.17/turn               (no ring)
MPRegen 0.14/turn               (no ring)

@: lethally poisoned (-3 -> -6), about to teleport, slowed, very slow
A: high MP 1, forlorn, divine attributes
a: no special abilities


You were on level 4 of the Dungeon.
You visited 1 branch of the dungeon, and saw 4 of its levels.

You collected 156 gold pieces.


Innate Abilities, Weirdness & Mutations

You have an increased reservoir of magic. (+10% MP)
You shall have no god before yourself.
Your divine heritage dramatically boosts your attributes as you level up.


   Skills:
 + Level 1.1 Fighting
 + Level 1.7 Short Blades
 + Level 2.6 Dodging
 + Level 2.5 Stealth
 + Level 3.7 Spellcasting
 + Level 5.8 Conjurations
 * Level 1.5 Translocations
 * Level 3.3 Earth Magic


You had 7 spell levels left.
You knew the following spells:

 Your Spells              Type           Power      Damage    Failure   Level
a - Magic Dart            Conj           100%       1d8       1%          1
b - Searing Ray           Conj           74%        2d7       1%          2
c - Stone Arrow           Conj/Erth      60%        3d10      4%          3

Your spell library contained the following spells:

 Spells                   Type           Power      Damage    Failure   Level
 Dazzling Flash           Conj/Hex       42%        N/A       10%         3
 Iskenderun's Mystic Bla  Conj/Tloc      25%        2d7       24%         4
 Fulminant Prism          Conj/Hex       10%        3d9       32%         4
 Animate Armour           Summ/Erth      28%        N/A       50%         4
 Lehudib's Crystal Spear  Conj/Erth      15%        10d5      100%        8

Inventory:

Hand Weapons
 i - a +3 short sword of holy wrath {short}
   (You took it off a kobold on level 1 of the Dungeon)
 k - a +0 mace {mace}
   (You found it on level 2 of the Dungeon)
 q - a +2 rapier of venom (weapon) {short}
   (You took it off a kobold on level 3 of the Dungeon)
 v - a +1 flail of holy wrath {mace}
   (You took it off a gnoll on level 4 of the Dungeon)
Armour
 a - a +0 robe
 h - a +0 cloak (worn)
   (You took it off Crazy Yiuf on level 2 of the Dungeon)
 l - a +0 pair of gloves (worn)
   (You found it on level 3 of the Dungeon)
 x - a +0 leather armour (worn)
   (You took it off an orc on level 4 of the Dungeon)
Wands
 j - a wand of polymorph (6)
   (You took it off Jessica on level 2 of the Dungeon)
Scrolls
 c - a scroll of acquirement {unknown}
 e - a scroll of amnesia {unknown}
 f - 2 scrolls of enchant armour {unknown}
 m - a scroll of immolation {unknown}
 p - a scroll of holy word {unknown}
 r - 2 scrolls of teleportation {@r4}
 s - a scroll of brand weapon {unknown}
 t - a scroll of silence {unknown}
 u - a scroll of identify {unknown}
 w - a scroll of blinking {unknown}
Potions
 b - a potion of lignification {unknown}
 d - 2 potions of curing {unknown}
 g - 2 potions of degeneration {unknown}
 n - a potion of heal wounds {unknown}
 o - a potion of cancellation {unknown}

Dungeon Overview and Level Annotations

Branches:
Dungeon (4/15)
 Temple: D:4-7

Annotations:
D:3 2 transporters, firemarshallily's ghost, amateur MfSu

#.......g...........
#P...≈go≈≈≈≈≈o≈≈g≈≈≈
#....o≈≈≈≈≈≈≈≈≈g≈≈≈o
#...K≈≈#####≈≈≈≈≈≈≈≈
#....≈≈#...#........
#..gP≈≈#...#########
#.gZ.≈≈###'#
#..So≈≈≈.#..
#..@.≈≈≈.#
#...)≈≈≈.# #####
#.P..≈≈≈.# o..)†
#....≈≈≈.# #
#....≈≈≈.# #
#....≈≈≈.# #..)
#....≈≈≈.# ####
#....≈≈###+#
#....≈≈#...#########


You could see a kobold brigand, 3 gnolls, an adder (summoned), 3 orcs and a
bullfrog skeleton.


Message History

You take 9 damage, and now have 43/52 hp.
Casting: Searing Ray (safe; 1% risk of failure)
Confirm with . or Enter, or press ? or * to list all spells.
Aiming: Searing Ray (safe; 1% risk of failure)
Press: ? - help, Shift-Dir - straight line, f - bullfrog skeleton
Aim: a bullfrog skeleton (93% to hit)
You miscast Searing Ray.
You are very lightly contaminated with residual magic.
Nothing appears to happen.
The bullfrog skeleton hits you. 😮 HP[-5] MP[-2]
You take 5 damage, and now have 38/52 hp.
You lost 2 mp, and now have 11/15 mp.
The bullfrog skeleton hits you but does no damage.
A kobold brigand comes into view.
It is wielding a +0 dagger and quivering curare-tipped darts. 😮 MP[+1]
An orc comes into view. It is wielding a +0 hand axe.
You see here a +0 flail {mace}.
The bullfrog skeleton closely misses you.
Things that are here:
a +0 halberd {polearm}; a gnoll skeleton 😮 HP[+1]
The bullfrog skeleton barely misses you.
The sentinel's mark upon you fades away.
Your magical contamination has completely faded away. 😮 MP[+1]
The bullfrog skeleton hits you. 😮 HP[-1]
You take 1 damage, and now have 38/52 hp.
The kobold brigand reads a scroll.
Wisps of shadow swirl around the kobold brigand.
You see a puff of smoke.
The gnoll shouts! 😮 HP[+1]
The bullfrog skeleton barely misses you.
The bullfrog skeleton hits you. 😮 HP[-1]
You take 1 damage, and now have 38/52 hp. 😮 HP[+1] MP[+1]
The adder bites you.
The kobold brigand throws a curare-tipped dart.
The curare-tipped dart hits you.
You are poisoned.
You have difficulty breathing.
You feel yourself slow down. 😮 HP[-6]
You take 6 damage, and now have 33/52 hp.
You feel very sick. The adder bites you but does no damage.
The bullfrog skeleton completely misses you. 😮 HP[-5]
You take 5 damage, and now have 28/52 hp.
You feel very sick. The adder barely misses you.
The bullfrog skeleton hits you.
* * * LOW HITPOINT WARNING * * *
😨 HP[-5]
You take 5 damage, and now have 23/52 hp.
You feel very sick. The adder bites you.
* * * LOW HITPOINT WARNING * * *
😨 HP[-5] MP[+1]
You take 5 damage, and now have 18/52 hp.
Your mp is fully restored (15).
You feel sick. The adder bites you.
* * * LOW HITPOINT WARNING * * *
The bullfrog skeleton hits you.
* * * LOW HITPOINT WARNING * * *
😨 HP[-3]
You take 3 damage, and now have 15/52 hp.
Casting: Searing Ray (safe; 1% risk of failure)
Confirm with . or Enter, or press ? or * to list all spells.
Aiming: Searing Ray (safe; 1% risk of failure)
Press: ? - help, Shift-Dir - straight line, f/p - bullfrog skeleton
Aim: a bullfrog skeleton (93% to hit)
The searing ray hits the bullfrog skeleton! (Press . to maintain the ray.)
You feel sick. The adder completely misses you.
The bullfrog skeleton closely misses you.
The adder bites you.
* * * LOW HITPOINT WARNING * * *
😱 HP[-4] MP[-2]
You take 4 damage, and now have 11/52 hp.
You lost 2 mp, and now have 13/15 mp.
As you read the scroll labelled FEHITA ZUFUSE, it crumbles to dust.
You feel strangely unstable.
It was a scroll of teleportation.
You feel sick.
The bullfrog skeleton hits you but does no damage.
The adder bites you.
* * * LOW HITPOINT WARNING * * *
You are more poisoned.
The adder poisons you! The orc hits you with a +0 mace.
* * * LOW HITPOINT WARNING * * *
The bullfrog skeleton hits you but does no damage.
The gnoll misses you. The orc misses you.
The adder bites you but does no damage. 😱 HP[-6]
You take 6 damage, and now have 5/52 hp.
* * * LOW HITPOINT WARNING * * *
You feel sick.
The gnoll hits you from afar with a +0 halberd.
You die...

Skill      XL: |  1  2  3  4  5  6  7 |
---------------+----------------------+-----
Conjurations   | 4 5 |  5.8
Spellcasting   | 2 3 |  3.7
Stealth        | 2 |  2.5
Dodging        | 2 |  2.6
Earth Magic    | 1 2 3 |  3.3
Short Blades   | 1 |  1.7
Fighting       | 1 |  1.1
Translocations | 1 |  1.5

Action                   |  1- 3 |  4- 6 |  7- 9 || total
-------------------------+-------+-------+-------++-------
Melee: Short sword       |    26 |       |       ||    26
       Rapier            |       |     6 |     3 ||     9
 Cast: Magic Dart        |    33 |    65 |    23 ||   121
       Searing Ray       |    13 |    40 |    16 ||    69
  Use: Scroll            |       |       |     1 ||     1
 Stab: Distracted        |     1 |       |       ||     1
Armor: Robe              |     6 |       |       ||     6
       Leather armour    |       |       |     6 ||     6
Dodge: Dodged            |    30 |    15 |    18 ||    63

Levels and vault maps discovered:
D:1:      tarquinn_simple_flora_water_e, layout_basic
D:2:      layout_loops_ring, minmay_tetromino_o4, uniq_terence,
          uniq_crazy_yiuf_cottage, uniq_jessica
D:3:      layout_basic, gammafunk_ghost_stat_death, kennysheep_potato,
          uniq_natasha, uniq_ijyb
D:4:      lemuel_castle_with_subvaults [lemuel_castle_interior_carwin_2],
          layout_basic, minmay_temple_entry_proselytizer,
          minmay_misc_feat_doors, minivault_14, minmay_cut_off

Notes
Turn   | Place    | Note
-------+----------+-------------------------------------------
     0 | D:1      | mortz the Demigod Conjurer began the quest for the Orb.
     0 | D:1      | Reached XP level 1. HP: 14/14 MP: 5/5
     0 | D:1      | magus.rc [v1.9.6]
   328 | D:1      | Reached skill level 4 in Conjurations
   332 | D:1      | Reached XP level 2. HP: 20/20 MP: 1/7
   335 | D:1      | Learned a level 2 spell: Searing Ray
   955 | D:2      | Noticed Terence
   966 | D:2      | Killed Terence
   966 | D:2      | HP: 4/20 [giant cockroach (2)]
   967 | D:2      | Reached skill level 2 in Spellcasting
   967 | D:2      | Reached XP level 3. HP: 5/26 MP: 1/8
  1327 | D:2      | You pick up a book of Armaments and begin reading...
  1327 | D:2      | You add the spells Stone Arrow, Animate Armour and
                  | Lehudib's Crystal Spear to your library.
  1332 | D:2      | Learned a level 3 spell: Stone Arrow
  1498 | D:2      | Found a runed translucent door.
  1499 | D:2      | Noticed Crazy Yiuf
  1500 | D:2      | Noticed Jessica
  2222 | D:2      | Killed Jessica
  2223 | D:2      | Reached skill level 2 in Stealth
  2223 | D:2      | Reached XP level 4. HP: 33/33 MP: 5/10
  2225 | D:2      | Killed Crazy Yiuf
  2226 | D:2      | Reached skill level 2 in Dodging
  2226 | D:2      | Reached skill level 1 in Earth Magic
  2460 | D:3      | Noticed Natasha
  2464 | D:3      | Killed Natasha
  2635 | D:3      | Found a transporter.
  2642 | D:3      | Reached XP level 5. HP: 39/39 MP: 5/11
  2644 | D:3      | Noticed Natasha
  2763 | D:3      | Killed Natasha
  2764 | D:3      | Reached skill level 1 in Short Blades
  2800 | D:3      | magus.rc [v1.9.6]
  2809 | D:3      | Noticed firemarshallily's ghost (amateur MfSu)
  2841 | D:3      | Found a transporter.
  2907 | D:3      | Noticed Natasha
  2909 | D:3      | Killed Natasha
  2910 | D:3      | Reached skill level 5 in Conjurations
  3428 | D:4      | Noticed an ogre
  3433 | D:4      | Killed an ogre
  3434 | D:4      | Reached skill level 3 in Spellcasting
  3434 | D:4      | Reached XP level 6. HP: 46/46 MP: 7/13
  3577 | D:4      | Reached skill level 2 in Earth Magic
  3970 | D:4      | Reached skill level 1 in Fighting
  4012 | D:4      | Reached skill level 1 in Translocations
  4510 | D:4      | Reached XP level 7. HP: 52/52 MP: 8/15
  4813 | D:4      | Reached skill level 3 in Earth Magic
  5232 | D:4      | HP: 13/52 [poisoned by a kobold brigand (curare-tipped
                  | dart)]
  5233 | D:4      | HP: 5/52 [orc/+0 mace (3)]
  5234 | D:4      | Slain by a gnoll

Vanquished Creatures
  An ogre (D:4)
  4 howler monkeys
  5 hounds (D:4)
  Crazy Yiuf (D:2)
  A gnoll shaman (D:4)
  Jessica (D:2)
  Natasha (thrice) (D:3)
  Terence (D:2)
  3 orc wizards (D:4)
  10 gnolls (D:4)
  3 adders (D:3)
  2 dart slugs
  15 orcs
  4 bats
  6 endoplasms
  5 giant cockroaches
  5 goblins
  4 hobgoblins
  16 jackals
  8 ball pythons
  3 frilled lizards
  3 kobolds
  11 rats
115 creatures vanquished.

Vanquished Creatures (others)
  A plant (D:4)
1 creature vanquished.

Grand Total: 116 creatures vanquished

Table legend:
 A = Non-vault XP
 B = Vault XP
 C = Vault XP percentage of total XP
 D = Non-vault monster count
 E = Vault monster count
 F = Vault count percentage of total count
                 A         B        C        D         E       F
            +---------+---------+-------+---------+---------+-------
      Total |     298 |     949 |  76.1 |      60 |      55 |  47.8
            +---------+---------+-------+---------+---------+-------
        D:1 |      30 |       0 |   0.0 |      19 |       0 |   0.0
        D:2 |      23 |     117 |  83.6 |      14 |       6 |  30.0
        D:3 |     186 |      43 |  18.8 |      21 |       4 |  16.0
        D:4 |      59 |     789 |  93.0 |       6 |      45 |  88.2
            +---------+---------+-------+---------+---------+-------

Illustrated notes

Table legend:
 A = Kills in this place as a percentage of kills in entire the game.
 B = Kills by you in this place as a percentage of kills by you in the entire game.
 C = Kills by friends in this place as a percentage of kills by friends in the entire game.
 D = Other kills in this place as a percentage of other kills in the entire game.
 E = Experience gained in this place as a percentage of experience gained in the entire game.
 F = Experience gained in this place divided by the number of levels of this place that you have seen.
                   A       B       C       D       E      F
               +-------+-------+-------+-------+-------+----------------------
         Total | 100.0 | 100.0 |   N/A |   N/A | 100.0 | 311.8
       Dungeon | 100.0 | 100.0 |   N/A |   N/A | 100.0 | 311.8
               +-------+-------+-------+-------+-------+----------------------

Table legend: (Time is in decaauts)
 A = Elapsed time spent in this place.
 B = Non-inter-level travel time spent in this place.
 C = Inter-level travel time spent in this place.
 D = Time resting spent in this place.
 E = Time spent auto-exploring this place.
 F = Levels seen in this place.
 G = Mean time per level.
                   A        B        C        D        E       F      G
               +--------+--------+--------+--------+--------+-----+--------+
         Total |   5253 |   5137 |    116 |   1395 |   2960 |   4 | 1313.2 |
       Dungeon |   5253 |   5137 |    116 |   1395 |   2960 |   4 | 1313.2 |
               +--------+--------+--------+--------+--------+-----+--------+

Top non-repeatable levels by time:
     D:4: 1816 daAuts
     D:2: 1385 daAuts
     D:1: 1201 daAuts
     D:3: 850 daAuts
